 Dungeon Crawl Stone Soup version 0.26-a0-376-g13fbb91ece (webtiles) character file.

Game seed: 16240888767472006159

3852 Gargoyl the Fighter (level 10, -1/80 HPs)
             Began as a Gnoll Abyssal Knight on July 20, 2020.
             Was a Priest of Lugonu.
             Succumbed to a worker ant's poison
             ... on level 7 of the Dungeon.
             The game lasted 00:09:55 (9367 turns).

Gargoyl the Fighter (Gnoll Abyssal Knight)          Turns: 9367, Time: 00:09:55

Health: -1/80      AC: 14    Str: 17    XL:     10   Next: 18%
Magic:  17/17      EV:  8    Int: 15    God:    Lugonu [***...]
Gold:   295        SH:  0    Dex: 15    Spells: 18/18 levels left

rFire    . . .     SeeInvis .   a - +5 hand axe
rCold    . . .     Faith    .   (no shield)
rNeg     . . .     Spirit   .   f - +0 plate armour
rPois    .         Reflect  .   l - +0 helmet
rElec    .         Harm     .   (no cloak)
rCorr    .                      (no gloves)
MR       +....                  (no boots)
Stlth    ..........             (no amulet)
HPRegen  0.23/turn              q - ring of protection from magic
MPRegen  0.15/turn              (no ring)

@: lethally poisoned (-1 -> -14), berserk cooldown, slowed, very slow
A: distributed training, fangs 1, strong nose
a: Depart the Abyss, Bend Space, Banish, Renounce Religion


You were on level 7 of the Dungeon.
You worshipped Lugonu.
Lugonu was most pleased with you.
You visited 1 branch of the dungeon, and saw 7 of its levels.
You visited the Abyss 1 time.

You collected 485 gold pieces.
You spent 190 gold pieces at shops.

Inventory:

Hand Weapons
 a - a +5 hand axe (weapon)
Missiles
 m - 7 boomerangs (quivered)
Armour
 f - a +0 plate armour (worn)
 l - a +0 helmet (worn)
Jewellery
 q - a ring of protection from magic (left hand)
Wands
 c - a wand of disintegration (2)
Scrolls
 b - a scroll of magic mapping
 d - 3 scrolls of remove curse
 i - 5 scrolls of teleportation
 k - 3 scrolls of identify
 n - 2 scrolls of fear
 o - a scroll of blinking
Potions
 e - a potion of stabbing
 g - 2 potions of haste


   Skills:
 + Level 8.3 Fighting
 + Level 4.9 Short Blades
 + Level 4.9 Long Blades
 + Level 6.8 Axes
 + Level 4.9 Maces & Flails
 + Level 4.9 Polearms
 + Level 4.9 Staves
 + Level 4.9 Slings
 + Level 4.9 Bows
 + Level 4.9 Crossbows
 + Level 4.9 Throwing
 + Level 6.8 Armour
 + Level 5.6 Dodging
 + Level 4.9 Stealth
 + Level 4.9 Shields
 + Level 4.9 Unarmed Combat
 + Level 4.9 Spellcasting
 + Level 4.1 Conjurations
 + Level 4.1 Hexes
   Level 0.0 Charms
 + Level 4.1 Summonings
 + Level 4.1 Necromancy
 + Level 4.1 Translocations
 + Level 4.1 Transmutations
 + Level 4.1 Fire Magic
 + Level 4.1 Ice Magic
 + Level 4.1 Air Magic
 + Level 4.1 Earth Magic
 + Level 4.1 Poison Magic
 + Level 7.2 Invocations
 + Level 4.9 Evocations


You had 18 spell levels left.
You didn't know any spells.
Your spell library contained the following spells:

 Spells                   Type           Power        Failure   Level
 Animate Skeleton         Necr           ###...       71%         1
 Apportation              Tloc           ###...       71%         1
 Corona                   Hex            ###....      71%         1
 Magic Dart               Conj           ###.         71%         1
 Summon Small Mammal      Summ           ###.         71%         1
 Blink                    Tloc           N/A          85%         2
 Call Imp                 Summ           ###.....     85%         2
 Slow                     Hex            ###.....     85%         2
 Conjure Flame            Conj/Fire      ###.....     97%         3
 Mephitic Cloud           Conj/Pois/Air  ###.....     97%         3


Dungeon Overview and Level Annotations

Branches:
Dungeon (7/15)             Temple (0/1) D:5

Altars:
Elyvilon
Hepliaklqana
Xom

Shops:
D:4 *   D:7 ?


Innate Abilities, Weirdness & Mutations

Your experience applies equally to all skills.
You have very sharp teeth.
Your uncanny sense of smell can sniff out nearby items.


Message History

* * * LOW HITPOINT WARNING * * *
You feel very sick.
The worker ant bites you but does no damage.
* * * LOW HITPOINT WARNING * * *
You feel very sick.
The worker ant bites you but does no damage.
* * * LOW HITPOINT WARNING * * *
You feel sick. The worker ant barely misses you.
* * * LOW HITPOINT WARNING * * *
You feel very sick. The worker ant bites you.
* * * LOW HITPOINT WARNING * * *
You are more poisoned.
The worker ant poisons you!
* * * LOW HITPOINT WARNING * * *
You feel sick. The worker ant barely misses you.
* * * LOW HITPOINT WARNING * * *
You feel very sick.
The worker ant bites you but does no damage.
You die...

..........##.# #
...........(..#.# #
..............#.# #
...8..8.......#.# #
....≈≈........')# #
.+ ....≈≈$.......'.#
# ###.#
...8..8.......### #
....#
..............#
....#
......!@.a...(#
###.##
.............##
.....##
............##
......#
...........##
..)...# ..........##
....#...##........##
....#.#.###########
........ ....###.#


You could see a worker ant.

Vanquished Creatures
  The ghost of Zawski the Cleaver, a novice HOBe of Trog (D:5)
  Pikel (D:6)
  An ugly thing (D:7)
  Maggie (D:6)
  Grinder (D:3)
  Edmund (D:5)
  Menkaure (D:6)
  An orc warrior (D:6)
  A sky beast (D:5)
  2 phantoms
  A black bear (D:5)
  3 centaurs
  4 ogres
  2 lemures (D:6)
  Blork the orc (D:6)
  A bullfrog (D:6)
  A scorpion (D:6)
  A killer bee (D:7)
  A howler monkey (D:5)
  3 hounds
  A jelly (D:5)
  An orc priest (D:5)
  2 orc wizards (D:6)
  2 iguanas
  2 worker ants
  3 worker ant zombies
  2 adders
  An ufetubus (D:5)
  2 oozes (D:4)
  3 worms (D:2)
  7 leopard geckos
  20 orcs
  2 ball pythons
  7 bats
  3 giant cockroaches
  8 goblins
  10 hobgoblins
  9 jackals
  6 kobolds
  4 quokkas
  2 frilled lizards
  2 leopard gecko skeletons (D:5)
  A quokka skeleton (D:4)
  A quokka zombie (D:6)
  9 rats
139 creatures vanquished.

Vanquished Creatures (others)
  An orc warrior (D:6)
1 creature vanquished.

Grand Total: 140 creatures vanquished

Notes
Turn   | Place    | Note
-------+----------+-------------------------------------------
     0 | Abyss:1  | Gargoyl the Gnoll Abyssal Knight began the quest for the
                  | Orb.
     0 | Abyss:1  | Reached XP level 1. HP: 23/23 MP: 3/3
     8 | Abyss:1  | Found a corrupted altar of Lugonu.
    46 | Abyss:1  | Noticed an iron imp
    81 | Abyss:3  | Noticed a ynoxinul
    87 | D:1      | Escaped the Abyss
   434 | D:1      | Reached XP level 2. HP: 20/29 MP: 5/5
   599 | D:1      | Reached * piety under Lugonu
   768 | D:1      | Reached XP level 3. HP: 35/35 MP: 6/6
  1719 | D:2      | Reached skill level 1 in Short Blades
  1719 | D:2      | Reached skill level 1 in Long Blades
  1719 | D:2      | Reached skill level 1 in Maces & Flails
  1719 | D:2      | Reached skill level 1 in Polearms
  1719 | D:2      | Reached skill level 1 in Staves
  1719 | D:2      | Reached skill level 1 in Slings
  1719 | D:2      | Reached skill level 1 in Bows
  1719 | D:2      | Reached skill level 1 in Crossbows
  1719 | D:2      | Reached skill level 1 in Throwing
  1719 | D:2      | Reached skill level 1 in Stealth
  1719 | D:2      | Reached skill level 1 in Shields
  1719 | D:2      | Reached skill level 1 in Unarmed Combat
  1719 | D:2      | Reached skill level 1 in Spellcasting
  1719 | D:2      | Reached skill level 1 in Evocations
  1722 | D:2      | Reached XP level 4. HP: 36/41 MP: 7/7
  1856 | D:2      | Reached ** piety under Lugonu
  2630 | D:3      | Reached skill level 1 in Conjurations
  2630 | D:3      | Reached skill level 1 in Hexes
  2630 | D:3      | Reached skill level 1 in Summonings
  2630 | D:3      | Reached skill level 1 in Necromancy
  2630 | D:3      | Reached skill level 1 in Translocations
  2630 | D:3      | Reached skill level 1 in Transmutations
  2630 | D:3      | Reached skill level 1 in Fire Magic
  2630 | D:3      | Reached skill level 1 in Ice Magic
  2630 | D:3      | Reached skill level 1 in Air Magic
  2630 | D:3      | Reached skill level 1 in Earth Magic
  2630 | D:3      | Reached skill level 1 in Poison Magic
  2803 | D:3      | Noticed Grinder
  2826 | D:3      | Paralysed by Grinder for 3 turns
  2834 | D:3      | Killed Grinder
  2834 | D:3      | Reached skill level 5 in Invocations
  2834 | D:3      | Reached XP level 5. HP: 47/47 MP: 8/8
  2834 | D:3      | Reached XP level 6. HP: 53/53 MP: 9/9
  3066 | D:4      | Found Numilir's Assorted Antiques.
  3081 | D:4      | Bought a helmet for 85 gold pieces
  3151 | D:4      | Reached skill level 5 in Axes
  3151 | D:4      | Reached skill level 5 in Armour
  3290 | D:4      | Found a shimmering altar of Xom.
  3290 | D:4      | Found a shimmering altar of Xom.
  3291 | D:4      | Found a shimmering altar of Xom.
  3859 | D:5      | Entered Level 5 of the Dungeon
  3897 | D:5      | HP: 1/53 [acid (9)]
  3913 | D:5      | Reached XP level 7. HP: 10/59 MP: 10/10
  4259 | D:5      | Reached skill level 7 in Fighting
  4400 | D:5      | Noticed Edmund
  4447 | D:5      | Killed Edmund
  4447 | D:5      | Reached XP level 8. HP: 6/67 MP: 12/12
  4803 | D:5      | Reached *** piety under Lugonu
  4841 | D:5      | Found a staircase to the Ecumenical Temple.
  4900 | D:5      | Found a transporter.
  4900 | D:5      | Identified the +4 dire flail of Usiho {pain, rC+}
  4900 | D:5      | Noticed Zawski's ghost (novice HOBe)
  4903 | D:5      | Found a transporter.
  5651 | D:5      | Killed Zawski's ghost
  5651 | D:5      | Reached XP level 9. HP: 26/72 MP: 12/14
  6328 | D:6      | Noticed Maggie
  6344 | D:6      | Killed Maggie
  6653 | D:6      | Noticed Pikel
  6677 | D:6      | Killed Pikel
  6677 | D:6      | Reached skill level 5 in Dodging
  6885 | D:6      | Noticed Blork the orc
  6900 | D:6      | Killed Blork the orc
  6944 | D:6      | Reached skill level 8 in Fighting
  7620 | D:6      | Found a white marble altar of Elyvilon.
  7799 | D:6      | Noticed Menkaure
  7808 | D:6      | Killed Menkaure
  8538 | D:7      | Found a hazy altar of Hepliaklqana.
  8760 | D:7      | Reached XP level 10. HP: 74/80 MP: 17/17
  9135 | D:7      | Found Enej's Magic Scroll Boutique.
  9147 | D:7      | Bought a scroll of blinking for 105 gold pieces
  9329 | D:7      | Noticed a green ugly thing
  9348 | D:7      | Killed a green ugly thing
  9365 | D:7      | HP: 3/80 [poisoned by a worker ant]
  9366 | D:7      | HP: 1/80 [poisoned by a worker ant]
  9367 | D:7      | Succumbed to a worker ant's poison

Illustrated notes

Levels and vault maps discovered:
D:1:      dpeg_arrival_boxes_within_box, layout_basic
D:2:      layout_basic, kennysheep_generic_room_4
D:3:      layout_rooms, uniq_grinder
D:4:      layout_cave_pods, xom_redecorated, serial_shops, nicolae_shop_crystal
D:5:      layout_rooms, minmay_temple_entry_waves, gammafunk_ghost_smash,
          minmay_holes, dk_noncrumbling_3, minmay_quadrilaterals, uniq_edmund
D:6:      layout_layer_cave, lemuel_doored_altar, uniq_blork_the_orc,
          uniq_maggie, uniq_pikel, uniq_menkaure
D:7:      kennysheep_big_flooded_room, layout_loops_ring, lemuel_round_altar,
          serial_shops, nicolae_shop_window_shopping

Skill      XL: |  1  2  3  4  5  6  7  8  9 10 |
---------------+-------------------------------+-----
Short Blades   | 1 2 3 4 |  4.9
Long Blades    | 1 2 3 4 |  4.9
Maces & Flails | 1 2 3 4 |  4.9
Polearms       | 1 2 3 4 |  4.9
Staves         | 1 2 3 4 |  4.9
Slings         | 1 2 3 4 |  4.9
Bows           | 1 2 3 4 |  4.9
Crossbows      | 1 2 3 4 |  4.9
Throwing       | 1 2 3 4 |  4.9
Stealth        | 1 2 3 4 |  4.9
Shields        | 1 2 3 4 |  4.9
Unarmed Combat | 1 2 3 4 |  4.9
Spellcasting   | 1 2 3 4 |  4.9
Evocations     | 1 2 3 4 |  4.9
Conjurations   | 1 2 3 4 |  4.1
Hexes          | 1 2 3 4 |  4.1
Summonings     | 1 2 3 4 |  4.1
Necromancy     | 1 2 3 4 |  4.1
Translocations | 1 2 3 4 |  4.1
Transmutations | 1 2 3 4 |  4.1
Fire Magic     | 1 2 3 4 |  4.1
Ice Magic      | 1 2 3 4 |  4.1
Air Magic      | 1 2 3 4 |  4.1
Earth Magic    | 1 2 3 4 |  4.1
Poison Magic   | 1 2 3 4 |  4.1
Dodging        | 3 4 5 |  5.6
Invocations    | 5 6 7 |  7.2
Axes           | 5 6 |  6.8
Armour         | 5 6 |  6.8
Fighting       | 7 8 |  8.3

Action                   |  1- 3 |  4- 6 |  7- 9 | 10-12 || total
-------------------------+-------+-------+-------+-------++-------
Melee: Hand axe          |    89 |   134 |   316 |    33 ||   572
       Bite              |     5 |    15 |    42 |     6 ||    68
       Punch             |       |     1 |     4 |       ||     5
Throw: Boomerang         |       |       |     1 |       ||     1
Invok: Depart the Abyss  |     1 |       |       |       ||     1
       Banish            |       |       |     2 |       ||     2
Evoke: Wand              |     1 |       |     1 |       ||     2
  Use: Scroll            |     5 |     7 |     5 |       ||    17
       Potion            |       |     4 |     3 |     2 ||     9
Armor: Leather armour    |    15 |       |       |       ||    15
       Ring mail         |     6 |    16 |       |       ||    22
       Plate armour      |       |   104 |   165 |    24 ||   293
       Skin              |       |       |     2 |       ||     2
Dodge: Dodged            |    93 |    58 |    82 |    17 ||   250

Table legend: (Time is in decaauts)
 A = Elapsed time spent in this place.
 B = Non-inter-level travel time spent in this place.
 C = Inter-level travel time spent in this place.
 D = Time resting spent in this place.
 E = Time spent auto-exploring this place.
 F = Levels seen in this place.
 G = Mean time per level.
                   A        B        C        D        E       F      G
               +--------+--------+--------+--------+--------+-----+--------+
         Total |   9386 |   9181 |    205 |   2976 |   4826 |  10 |  938.6 |
       Dungeon |   9299 |   9094 |    205 |   2976 |   4766 |   7 | 1328.4 |
         Abyss |     86 |     86 |      0 |      0 |     60 |   3 |   28.7 |
               +--------+--------+--------+--------+--------+-----+--------+
